TOP OF THE 1ST |
Newark Bulldogs batting - Pitching for Penquannock Overrated Jeter : RHP Dave Funk
|
Pitching: RHP Dave Funk
|
|
Batting: LHB Gerardo Guzmán
|
0-0: Called Strike 0-1: Ball 1-1: Foul Ball, location: 2F 1-2: Foul Ball, location: 2F 1-2: Ball 2-2: Ball 3-2: Foul Ball, location: 2F 3-2: SINGLE (Groundball, 23) (infield hit)
|
Batting: RHB Tony Long
|
0-0: Ball Wild Pitch! Gerardo Guzmán to second 1-0: Ball 2-0: Fly out, F7 (Flyball, 7S)
|
Batting: RHB Joe Baker
|
0-0: Ball 1-0: Ball 2-0: Ball 3-0: Base on Balls
|
Batting: RHB Ken McDonald
|
0-0: Called Strike Joe Baker steals 2nd base Gerardo Guzmán to third 0-1: Ball 1-1: DOUBLE (Line Drive, 7LM) Gerardo Guzmán scores Joe Baker scores
|
Batting: LHB Gabriel Aragón
|
0-0: Ball 1-0: Ball 2-0: Ball 3-0: Called Strike 3-1: SINGLE (Groundball, 4MD) Ken McDonald to third Runner from 3rd tries for Home, SAFE, throw made home Gabriel Aragón to second
|
Batting: RHB Norris Howard
|
0-0: Ball 1-0: Ball 2-0: Swinging Strike 2-1: Ball 3-1: Foul Ball, location: 2F 3-2: Base on Balls
|
Batting: RHB Emílio Salas
|
0-0: Ball 1-0: Called Strike 1-1: Called Strike 1-2: SINGLE (Groundball, 15S) (infield hit) Gabriel Aragón to third Norris Howard to second
|
Batting: LHB Gabriel MacNeill
|
0-0: Foul Ball, location: 2F 0-1: Swinging Strike 0-2: Ground out 5-3 (Groundball, 56S) Gabriel Aragón scores Norris Howard to third Emílio Salas to second
|
Batting: LHB Wes Thompson
|
0-0: Ground out 6-3 (Groundball, 6)
|
Top of the 1st over - 4 run(s), 4 hit(s), 0 error(s), 2 left on base; Newark 4 - Penquannock 0 |
BOTTOM OF THE 1ST |
Penquannock Overrated Jeter batting - Pitching for Newark Bulldogs : RHP Gonzalo Benetti
|
Pitching: RHP Gonzalo Benetti
|
|
Batting: RHB Aaron Holt
|
0-0: Ball 1-0: Foul Ball, location: 2F 1-1: Swinging Strike 1-2: Strikes out looking
|
Batting: RHB António Rodríguez
|
0-0: Called Strike 0-1: Ground out 4-3 (Groundball, 4)
|
Batting: RHB Bernardo Enríquez
|
0-0: Called Strike 0-1: Ground out 4-3 (Groundball, 4D)
|
Bottom of the 1st over - 0 run(s), 0 hit(s), 0 error(s), 0 left on base; Newark 4 - Penquannock 0 |
TOP OF THE 2ND |
Newark Bulldogs batting - Pitching for Penquannock Overrated Jeter : RHP Dave Funk
|
Batting: LHB Gerardo Guzmán
|
0-0: Ball 1-0: Foul Ball, location: 2F 1-1: Swinging Strike 1-2: Ground out U3 (Groundball, 34S)
|
Batting: RHB Tony Long
|
0-0: Foul Ball, location: 2F 0-1: Ball 1-1: Foul Ball, location: 2F 1-2: Ball 2-2: Ball 3-2: Fly out, F7 (Flyball, 7S)
|
Batting: RHB Joe Baker
|
0-0: Called Strike 0-1: Ball 1-1: Foul Ball, location: 2F 1-2: Ball 2-2: Strikes out looking
|
Top of the 2nd over - 0 run(s), 0 hit(s), 0 error(s), 0 left on base; Newark 4 - Penquannock 0 |
BOTTOM OF THE 2ND |
Penquannock Overrated Jeter batting - Pitching for Newark Bulldogs : RHP Gonzalo Benetti
|
Batting: RHB José Velásquez
|
0-0: Ground out 5-3 (Groundball, 56)
|
Batting: RHB Alfonso Hernández
|
0-0: Foul Ball, location: 2F 0-1: Ball 1-1: Ball 2-1: SINGLE (Line Drive, 8LS)
|
Batting: RHB Phil Wright
|
Pickoff Throw to First - Out! 0-0: SINGLE (Groundball, 6D)
|
Batting: RHB Manny Perea
|
0-0: Ball 1-0: Foul Ball, location: 2F 1-1: Swinging Strike 1-2: Foul Ball, location: 2F 1-2: Ball 2-2: SINGLE (Groundball, 56D) Phil Wright to second
|
Batting: RHB Barton Frazier
|
0-0: Ball 1-0: Ball 2-0: Fly out, F7 (Flyball, 7LS)
|
Bottom of the 2nd over - 0 run(s), 3 hit(s), 0 error(s), 2 left on base; Newark 4 - Penquannock 0 |
TOP OF THE 3RD |
Newark Bulldogs batting - Pitching for Penquannock Overrated Jeter : RHP Dave Funk
|
Batting: RHB Ken McDonald
|
0-0: Called Strike 0-1: Foul Ball, location: 2F 0-2: Ball 1-2: Strikes out swinging
|
Batting: LHB Gabriel Aragón
|
0-0: Ground out 6-3 (Groundball, 6)
|
Batting: RHB Norris Howard
|
0-0: Fly out, F8 (Flyball, 8LM)
|
Top of the 3rd over - 0 run(s), 0 hit(s), 0 error(s), 0 left on base; Newark 4 - Penquannock 0 |
BOTTOM OF THE 3RD |
Penquannock Overrated Jeter batting - Pitching for Newark Bulldogs : RHP Gonzalo Benetti
|
Batting: LHB Matt Reese
|
0-0: Ball 1-0: Ball 2-0: Ball 3-0: Base on Balls
|
Batting: RHB Aaron Holt
|
0-0: SINGLE (Flyball, 9LS) Matt Reese to second Runner from 2nd tries for 3rd, SAFE, no throw
|
Batting: RHB António Rodríguez
|
0-0: Ball Aaron Holt steals 2nd base 1-0: SINGLE (Groundball, 4MD) Matt Reese scores Aaron Holt to third Runner from 3rd tries for Home, SAFE, no throw
|
Batting: RHB Bernardo Enríquez
|
0-0: Ball 1-0: Ball 2-0: Foul Ball, location: 2F 2-1: Foul Ball, location: 2F 2-2: Ball 3-2: Foul Ball, location: 2F 3-2: Fly out, F8 (Line Drive, 8RM)
|
Batting: RHB José Velásquez
|
0-0: Ball António Rodríguez steals 2nd base 1-0: Swinging Strike 1-1: Swinging Strike 1-2: Ground out 4-3 (Groundball, 4) António Rodríguez to third
|
Batting: RHB Alfonso Hernández
|
0-0: Foul Ball, location: 2F 0-1: Called Strike 0-2: Ball 1-2: Ball 2-2: Fly out, F9 (Flyball, 9LM)
|
Bottom of the 3rd over - 2 run(s), 2 hit(s), 0 error(s), 1 left on base; Newark 4 - Penquannock 2 |
TOP OF THE 4TH |
Newark Bulldogs batting - Pitching for Penquannock Overrated Jeter : RHP Dave Funk
|
Batting: RHB Emílio Salas
|
0-0: Swinging Strike 0-1: Ground out 1-3 (Groundball, P)
|
Batting: LHB Gabriel MacNeill
|
0-0: Ball 1-0: Ball 2-0: Called Strike 2-1: SINGLE (Groundball, 4D)
|
Pitching: RHP Carl Thomas
|
|
Batting: LHB Wes Thompson
|
0-0: Ball 1-0: Ball 2-0: Foul Ball, location: 2F 2-1: Ball 3-1: Base on Balls Gabriel MacNeill to second
|
Batting: LHB Gerardo Guzmán
|
0-0: Called Strike 0-1: 3-RUN HOME RUN (Flyball, 8RXD), Distance : 434 ft
|
Batting: RHB Tony Long
|
0-0: Ball 1-0: Foul Ball, location: 2F 1-1: Ball 2-1: Ball 3-1: Ground out 5-3 (Groundball, 5L)
|
Batting: RHB Joe Baker
|
0-0: SINGLE (Line Drive, 56)
|
Batting: RHB Ken McDonald
|
0-0: Ball 1-0: Called Strike 1-1: Swinging Strike 1-2: Ball 2-2: SINGLE (Line Drive, 9LS) Joe Baker to second
|
Batting: LHB Gabriel Aragón
|
0-0: Called Strike 0-1: Swinging Strike 0-2: Ball 1-2: Strikes out swinging
|
Top of the 4th over - 3 run(s), 4 hit(s), 0 error(s), 2 left on base; Newark 7 - Penquannock 2 |
BOTTOM OF THE 4TH |
Penquannock Overrated Jeter batting - Pitching for Newark Bulldogs : RHP Gonzalo Benetti
|
Batting: RHB Phil Wright
|
0-0: Called Strike 0-1: Ball 1-1: SINGLE (Groundball, 2R) (infield hit)
|
Batting: RHB Manny Perea
|
0-0: Ball 1-0: Ball 2-0: Foul Ball, location: 2F 2-1: Ball 3-1: Base on Balls Phil Wright to second
|
Batting: RHB Barton Frazier
|
0-0: Ball 1-0: Ball 2-0: DOUBLE (Flyball, 89XD) Phil Wright scores Manny Perea to third
|
Batting: LHB Matt Reese
|
0-0: Ball 1-0: Fly out, F6 (Popup, 6)
|
Batting: RHB Aaron Holt
|
0-0: Ball 1-0: Ball 2-0: Ball 3-0: Called Strike 3-1: Swinging Strike 3-2: Strikes out looking
|
Pitching: RHP José Gonzáles
|
|
Batting: RHB António Rodríguez
|
0-0: Ball 1-0: Ball 2-0: Called Strike 2-1: Ground out 6-3 (Groundball, 6)
|
Bottom of the 4th over - 1 run(s), 2 hit(s), 0 error(s), 2 left on base; Newark 7 - Penquannock 3 |
TOP OF THE 5TH |
Newark Bulldogs batting - Pitching for Penquannock Overrated Jeter : RHP Carl Thomas
|
Batting: RHB Norris Howard
|
0-0: Swinging Strike 0-1: Ball 1-1: Ball 2-1: Swinging Strike 2-2: Strikes out swinging
|
Batting: RHB Emílio Salas
|
0-0: Ball 1-0: Ball 2-0: Ball 3-0: Base on Balls
|
Batting: LHB Gabriel MacNeill
|
0-0: Ball 1-0: Ball 2-0: Foul Ball, location: 2F 2-1: Swinging Strike 2-2: Ball 3-2: Foul Ball, location: 2F 3-2: Foul Ball, location: 2F 3-2: Foul Ball, location: 2F 3-2: Base on Balls Emílio Salas to second
|
Batting: LHB Wes Thompson
|
0-0: Called Strike 0-1: SINGLE (Flyball, 8LS) Emílio Salas to third Gabriel MacNeill to second Runner from 3rd tries for Home, SAFE, no throw
|
Batting: LHB Gerardo Guzmán
|
0-0: Foul Ball, location: 2F 0-1: Foul Ball, location: 2F 0-2: Ball 1-2: Strikes out looking
|
Batting: RHB Tony Long
|
0-0: Foul Ball, location: 2F 0-1: Foul Ball, location: 2F 0-2: Ball 1-2: SINGLE (Line Drive, 6) Gabriel MacNeill to third Wes Thompson to second
|
Batting: RHB Joe Baker
|
0-0: Ball 1-0: Swinging Strike 1-1: Ball 2-1: Called Strike 2-2: Strikes out swinging
|
Top of the 5th over - 1 run(s), 2 hit(s), 0 error(s), 3 left on base; Newark 8 - Penquannock 3 |
BOTTOM OF THE 5TH |
Penquannock Overrated Jeter batting - Pitching for Newark Bulldogs : RHP José Gonzáles
|
Batting: RHB Bernardo Enríquez
|
0-0: Ball 1-0: Ball 2-0: Ball 3-0: Base on Balls
|
Batting: RHB José Velásquez
|
0-0: Ball 1-0: DOUBLE (Flyball, 89D) Bernardo Enríquez to third Runner from 3rd tries for Home, SAFE, throw made at trailing runner, SAFE at third!
|
Batting: RHB Alfonso Hernández
|
0-0: Ball 1-0: Ground out 6-3 (Groundball, 6) José Velásquez scores
|
Batting: RHB Phil Wright
|
0-0: Swinging Strike 0-1: Foul Ball, location: 2F 0-2: Ball 1-2: SINGLE (Groundball, 5D)
|
Batting: RHB Manny Perea
|
0-0: Called Strike 0-1: Ball Wild Pitch! Phil Wright to second 1-1: Swinging Strike 1-2: Fly out, F9 (Flyball, 9S)
|
Batting: RHB Barton Frazier
|
0-0: Ground out 5-3 (Groundball, 5L)
|
Bottom of the 5th over - 2 run(s), 2 hit(s), 0 error(s), 1 left on base; Newark 8 - Penquannock 5 |
TOP OF THE 6TH |
Newark Bulldogs batting - Pitching for Penquannock Overrated Jeter : RHP Carl Thomas
|
Pitching: LHP Héctor Díaz
|
|
Batting: RHB Ken McDonald
|
0-0: Ball 1-0: Called Strike 1-1: Called Strike 1-2: Ball 2-2: Foul Ball, location: 2F 2-2: Fly out, F9 (Flyball, 9S)
|
Batting: LHB Gabriel Aragón
|
0-0: Swinging Strike 0-1: Ball 1-1: Called Strike 1-2: Strikes out swinging
|
Batting: RHB Norris Howard
|
0-0: Ball 1-0: Called Strike 1-1: Ball 2-1: Foul Ball, location: 2F 2-2: Ground out 6-3 (Groundball, 6)
|
Top of the 6th over - 0 run(s), 0 hit(s), 0 error(s), 0 left on base; Newark 8 - Penquannock 5 |
BOTTOM OF THE 6TH |
Penquannock Overrated Jeter batting - Pitching for Newark Bulldogs : RHP José Gonzáles
|
Pitching: RHP Chris Johns
|
|
Batting: LHB Matt Reese
|
0-0: Ball 1-0: Called Strike 1-1: Ball 2-1: Fly out, F9 (Flyball, 89D)
|
Batting: RHB Aaron Holt
|
0-0: Ground out 6-3 (Groundball, 6)
|
Batting: RHB António Rodríguez
|
0-0: Called Strike 0-1: Ball 1-1: Ball 2-1: Foul Ball, location: 2F 2-2: Foul Ball, location: 2F 2-2: Ground out 6-3 (Groundball, 6M)
|
Bottom of the 6th over - 0 run(s), 0 hit(s), 0 error(s), 0 left on base; Newark 8 - Penquannock 5 |
TOP OF THE 7TH |
Newark Bulldogs batting - Pitching for Penquannock Overrated Jeter : LHP Héctor Díaz
|
Batting: RHB Emílio Salas
|
0-0: Foul Ball, location: 2F 0-1: Ball 1-1: Ball 2-1: Called Strike 2-2: Foul Ball, location: 2F 2-2: Ball 3-2: Foul Ball, location: 2F 3-2: Base on Balls
|
Batting: LHB Gabriel MacNeill
|
0-0: Swinging Strike 0-1: Swinging Strike 0-2: Ball 1-2: Strikes out swinging
|
Batting: LHB Wes Thompson
|
0-0: Ball 1-0: Fly out, F8 (Flyball, 89D)
|
Batting: LHB Gerardo Guzmán
|
0-0: Called Strike 0-1: Swinging Strike 0-2: Strikes out swinging
|
Top of the 7th over - 0 run(s), 0 hit(s), 0 error(s), 1 left on base; Newark 8 - Penquannock 5 |
BOTTOM OF THE 7TH |
Penquannock Overrated Jeter batting - Pitching for Newark Bulldogs : RHP Chris Johns
|
Batting: RHB Bernardo Enríquez
|
0-0: Ball 1-0: Ball 2-0: Fly out, F8 (Flyball, 78M)
|
Batting: RHB José Velásquez
|
0-0: Swinging Strike 0-1: Foul Ball, location: 2F 0-2: Ball 1-2: Foul Ball, location: 2F 1-2: Ball 2-2: Foul Ball, location: 2F 2-2: Foul Ball, location: 2F 2-2: SOLO HOME RUN (Flyball, 78XD), Distance : 421 ft
|
Batting: RHB Alfonso Hernández
|
0-0: Swinging Strike 0-1: Called Strike 0-2: Ball 1-2: Strikes out swinging
|
Batting: RHB Phil Wright
|
0-0: Ball 1-0: SOLO HOME RUN (Flyball, 78XD), Distance : 410 ft
|
Pitching: RHP Jesús Salazar
|
|
Batting: RHB Manny Perea
|
0-0: Foul Ball, location: 2F 0-1: Called Strike 0-2: Ball 1-2: Foul Ball, location: 2F 1-2: Foul Ball, location: 2F 1-2: Ball 2-2: Strikes out swinging
|
Bottom of the 7th over - 2 run(s), 2 hit(s), 0 error(s), 0 left on base; Newark 8 - Penquannock 7 |
TOP OF THE 8TH |
Newark Bulldogs batting - Pitching for Penquannock Overrated Jeter : LHP Héctor Díaz
|
Pitching: RHP César Villanueva
|
|
Batting: RHB Tony Long
|
0-0: Called Strike 0-1: Foul Ball, location: 2F 0-2: SINGLE (Groundball, 56S) (infield hit)
|
Batting: RHB Joe Baker
|
0-0: Called Strike 0-1: Called Strike 0-2: Foul Ball, location: 2F 0-2: Ball 1-2: Strikes out swinging
|
Batting: RHB Ken McDonald
|
0-0: Grounds into double play, 6-4-3 (Groundball, 6)
|
Top of the 8th over - 0 run(s), 1 hit(s), 0 error(s), 0 left on base; Newark 8 - Penquannock 7 |
BOTTOM OF THE 8TH |
Penquannock Overrated Jeter batting - Pitching for Newark Bulldogs : RHP Jesús Salazar
|
Pitching: LHP Kent Smith
|
|
Now at 1B: Wilson Flores
|
|
Batting: RHB Barton Frazier
|
0-0: Ball 1-0: Called Strike 1-1: Foul Ball, location: 2F 1-2: Ball 2-2: Ground out 5-3 (Groundball, 5S)
|
Batting: LHB Matt Reese
|
0-0: Called Strike 0-1: Ball 1-1: Fly out, F7 (Flyball, 7)
|
Pitching: RHP Roberto Cordero
|
|
Batting: RHB Aaron Holt
|
0-0: SINGLE (Groundball, 4M) (infield hit)
|
Pinch Hitting: LHB Eric Powell
|
0-0: Foul Ball, location: 2F 0-1: Ball 1-1: Ball 2-1: Ball 3-1: Base on Balls Aaron Holt to second
|
Batting: RHB Bernardo Enríquez
|
0-0: Ball 1-0: Called Strike 1-1: Foul Ball, location: 2F 1-2: Fly out, F9 (Flyball, 89D)
|
Bottom of the 8th over - 0 run(s), 1 hit(s), 0 error(s), 2 left on base; Newark 8 - Penquannock 7 |
TOP OF THE 9TH |
Newark Bulldogs batting - Pitching for Penquannock Overrated Jeter : RHP César Villanueva
|
Now in LF: Eric Powell
|
|
Batting: LHB Gabriel Aragón
|
0-0: Called Strike 0-1: Swinging Strike 0-2: Strikes out looking
|
Batting: RHB Norris Howard
|
0-0: Called Strike 0-1: Swinging Strike 0-2: Ball 1-2: Ball 2-2: SINGLE (Line Drive, 6MD)
|
Batting: RHB Emílio Salas
|
0-0: Ball 1-0: Ball 2-0: Grounds into double play, 5-4-3 (Groundball, 5L)
|
Top of the 9th over - 0 run(s), 1 hit(s), 0 error(s), 0 left on base; Newark 8 - Penquannock 7 |
BOTTOM OF THE 9TH |
Penquannock Overrated Jeter batting - Pitching for Newark Bulldogs : RHP Roberto Cordero
|
Pitching: RHP Bart Brown
|
|
Now at 2B: Stan Simpson
|
|
Now in CF: Ángel Tuzzi
|
|
Batting: RHB José Velásquez
|
0-0: Ball 1-0: Called Strike 1-1: Ball 2-1: SINGLE (Line Drive, 7LM)
|
Pinch Hitting: SHB Francisco Ávila
|
0-0: Swinging Strike 0-1: Ball 1-1: Foul Ball, location: 2F 1-2: DOUBLE (Line Drive, 7LS) José Velásquez to third
|
Batting: RHB Phil Wright
|
0-0: Swinging Strike 0-1: Ball 1-1: Ball 2-1: Ball 3-1: Base on Balls
|
Batting: RHB Manny Perea
|
0-0: Called Strike 0-1: Foul Ball, location: 2F 0-2: Ball 1-2: Ball 2-2: GRAND SLAM HOME RUN (Flyball, 7D), Distance : 381 ft
|
Tuesday, August 8th, 2017 - OOTP Baseball 17.12 Build 75
|
|